Map: Abyssal Reef LE

Players

Railgan - Winner!

  • Race: Zerg Zerg
  • League: Grandmaster
  • Spawn Location: 5:00

DisK

  • Race: Protoss Protoss
  • League: Grandmaster
  • Spawn Location: 11:00

VOD

Have the link to the VOD?

Description

Time

  • Played on: March 19, 2017, 7:20 p.m.
  • Length: 17:54
Show
View Real Time Build Order
Export as new Build Order

Railgan Zerg - Winner!

Build Orders: Hatch First, Swarm Host 

Get SALT Encoding   

  12  0:01  Drone  
  13  0:13  Overlord  
  13  0:17  Drone  
  14  0:31  Drone x2  
  16  0:50  Hatchery  
  16  0:52  Drone  
  16  0:55  Drone  
  17  1:00  Drone  
  18  1:09  Extractor  
  17  1:15  Spawning Pool  
  17  1:18  Drone  
  17  1:21  Drone  
  18  1:28  Drone  
  19  1:39  Overlord  
  19  1:52  Drone  
  20  2:02  Queen  
  20  2:03  Queen  
  20  2:05  Zergling x2  
  20  2:06  Drone  
  26  2:11  Drone  
  26  2:13  Drone  
  28  2:18  Metabolic Boost  
  28  2:24  Drone  
  28  2:25  Drone  
  30  2:33  Drone  
  30  2:34  Drone  
  32  2:40  Evolution Chamber  
  32  2:44  Queen  
  31  2:45  Overlord  
  31  2:47  Zergling x2  
  34  2:55  Zergling x4  
  35  3:05  Drone  
  28  3:16  Drone x2  
  28  3:17  Drone x3  
  32  3:23  Drone x2  
  32  3:29  Zerg Melee Weapons Level 1  
  32  3:35  Drone x2  
  34  3:42  Zergling x4  
  34  3:45  Zergling x4  
  38  3:53  Drone x2  
  38  3:54  Drone  
  41  3:56  Overlord  
  40  4:09  Drone  
  38  4:10  Drone x4  
  40  4:19  Drone  
  40  4:20  Lair  
  40  4:21  Drone  
  42  4:29  Roach Warren, Drone  
  42  4:31  Drone  
  42  4:34  Drone x2  
  45  4:39  Drone  
  45  4:40  Drone x2  
  45  4:42  Extractor  
  45  4:45  Extractor  
  46  4:47  Drone x2  
  48  4:54  Drone  
  48  4:55  Zergling x2  
  50  5:00  Zergling x4  
  50  5:06  Drone x2  
  52  5:17  Overlord x3  
  52  5:23  Extractor, Baneling Nest  
  52  5:24  Roach  
  52  5:28  Zerg Melee Weapons Level 2  
  52  5:30  Overlord  
  52  5:36  Roach x5  
  61  5:43  Roach x3  
  61  5:44  Zergling x2  
  61  5:47  Roach  
  68  5:52  Roach  
  63  6:07  Drone  
  63  6:08  Drone x4  
  63  6:10  Drone  
  64  6:14  Drone  
  64  6:17  Drone  
  64  6:18  Drone  
  66  6:20  Queen  
  66  6:24  Drone x2  
  68  6:26  Glial Reconstitution  
  68  6:30  Baneling  
  68  6:36  Drone  
  68  6:37  Drone  
  70  6:44  Drone  
  71  6:49  Overseer  
  71  6:53  Hatchery  
  70  6:54  Zergling x2  
  70  6:55  Infestation Pit, Zergling x4  
  72  7:03  Zergling x4  
  72  7:05  Drone  
  72  7:06  Overlord  
  75  7:11  Centrifical Hooks  
  75  7:18  Zergling x4  
  77  7:26  Drone  
  77  7:27  Drone x3  
  81  7:31  Overlord  
  81  7:33  Queen  
  83  7:47  Swarm Host x2  
  83  7:48  Swarm Host  
  83  7:49  Overlord x3  
  83  7:50  Overlord  
  91  7:55  Zerg Missile Weapons Level 1  
  91  8:02  Drone x5  
  96  8:11  Baneling x3  
  96  8:14  Swarm Host x3  
  105  8:20  Overlord  
  105  8:22  Swarm Host x2  
  110  8:27  Swarm Host  
  110  8:28  Swarm Host  
  116  8:34  Drone  
  116  8:38  Swarm Host x3  
  116  8:40  Zergling x2  
  116  8:41  Zergling x2  
  127  8:45  Overlord  
  127  8:46  Zergling x2  
  128  8:50  Baneling x6  
  128  8:51  Zergling x2  
  128  8:52  Zergling x2  
  130  9:00  Zergling x4, Queen  
  134  9:04  Zergling x2  
  135  9:16  Zergling x18  
  131  9:24  Drone x2  
  131  9:29  Zergling x2  
  131  9:30  Drone x3  
  134  9:35  Drone  
  123  9:40  Drone  
  123  9:45  Drone x4  
  120  9:50  Baneling x8  
  119  9:58  Drone x3  
  114  10:17  Swarm Host x7  
  114  10:18  Swarm Host  
  133  10:27  Hatchery  
  133  10:28  Drone x3  
  128  10:31  Zergling x2  
  128  10:32  Zergling x4  
  128  10:34  Overlord  
  129  10:38  Overlord  
  129  10:42  Zergling x6  
  128  10:52  Infestor x3  
  133  11:01  Drone  
  133  11:02  Drone  
  133  11:03  Drone  
  136  11:05  Extractor  
  136  11:06  Extractor, Burrow, Zergling x8  
  136  11:10  Zerg Ground Armor Level 1  
  138  11:20  Zergling x16  
  143  11:27  Queen x2  
  143  11:30  Drone x2  
  143  11:31  Drone  
  150  11:39  Zergling x4  
  152  11:43  Drone  
  152  11:44  Drone x4, Overlord  
  157  11:50  Zergling x2  
  157  11:51  Zergling x4  
  160  12:07  Zergling x14  
  167  12:13  Overlord  
  167  12:14  Overlord x2  
  167  12:22  Overlord  
  167  12:28  Baneling x9  
  167  12:29  Baneling x3, Overlord  
  167  12:32  Zergling x2  
  167  12:34  Hive  
  167  12:35  Spire  
  167  12:38  Overseer  
  167  12:39  Spine Crawler  
  167  12:40  Zergling x2  
  167  12:41  Zergling x2  
  165  12:54  Spore Crawler  
  165  12:55  Drone x6  
  165  12:57  Spine Crawler  
  169  13:01  Zergling x4  
  169  13:02  Overlord  
  169  13:03  Drone x4  
  169  13:04  Drone  
  166  13:36  Drone  
  166  13:37  Drone  
  167  13:47  Swarm Host x7  
  185  13:52  Corruptor, Greater Spire  
  185  13:53  Corruptor x4  
  195  14:07  Corruptor x2  
  195  14:09  Zergling x2  
  200  14:12  Extractor  
  200  14:13  Extractor  
  198  14:34  Overseer x2, Pneumatized Carapace  
  198  14:44  Zergling x4  
  200  14:50  Overlord  
  200  14:54  Overseer  
  200  14:58  Hatchery  
  199  15:02  Overlord  
  199  15:09  Zerg Flyer Weapons Level 1  
  186  15:38  Brood Lord x7  
  197  15:50  Corruptor  
  197  15:53  Baneling  
  197  15:54  Baneling x9  
  199  16:02  Hatchery  
  199  16:03  Spine Crawler  
  197  16:08  Zergling x2  
  197  16:09  Zergling x2  
  199  16:13  Evolution Chamber  
  199  16:15  Spine Crawler  
  196  16:34  Zergling x2  
  196  16:35  Zergling x4  
  196  16:39  Corruptor  
  195  16:40  Zergling x2  
  195  16:41  Zergling x4  
  189  16:47  Corruptor x2, Zergling x6  
  189  16:49  Zergling x2  
  189  16:50  Zergling x14  
  189  16:51  Zergling x2  
  189  16:55  Corruptor x2  
  190  17:01  Zergling x2  
  190  17:04  Brood Lord  
  190  17:08  Baneling x4  
  188  17:11  Corruptor  
  188  17:13  Extractor  
  188  17:15  Extractor, Drone x2  
  189  17:16  Drone x2  
  189  17:17  Corruptor x2  
  198  17:25  Hatchery  
Show
View Real Time Build Order
Export as new Build Order

DisK Protoss 

Build Orders: 1 Gate Expand 

Get SALT Encoding   

  12  0:01  Probe (Chrono Boost)  
  13  0:11  Probe (Chrono Boost)  
  14  0:18  Pylon  
  14  0:22  Probe (Chrono Boost)  
  15  0:36  Gateway, Probe (Chrono Boost)  
  16  0:43  Assimilator  
  16  0:46  Probe (Chrono Boost)  
  18  0:57  Probe (Chrono Boost)  
  18  1:01  Gateway  
  18  1:07  Probe (Chrono Boost)  
  19  1:24  Cybernetics Core  
  19  1:40  Nexus  
  19  1:45  Pylon  
  19  1:57  Adept  
  19  2:00  Adept  
  19  2:01  Warp Gate  
  21  2:07  Probe (Chrono Boost)  
  24  2:19  Probe (Chrono Boost)  
  25  2:24  Adept  
  25  2:25  Adept  
  25  2:28  Assimilator  
  29  2:33  Probe (Chrono Boost)  
  30  2:47  Probe (Chrono Boost)  
  31  2:52  Twilight Council  
  32  3:00  Probe (Chrono Boost)  
  32  3:05  Probe (Chrono Boost)  
  30  3:17  Probe (Chrono Boost)  
  30  3:19  Resonating Glaives  
  31  3:20  Probe (Chrono Boost)  
  32  3:30  Probe (Chrono Boost)  
  32  3:31  Probe (Chrono Boost)  
  32  3:37  Gateway  
  32  3:40  Gateway  
  34  3:49  Mothership Core (Chrono Boost)  
  34  3:54  Gateway  
  34  3:58  Probe (Chrono Boost)  
  35  4:15  Probe (Chrono Boost)  
  35  4:16  Gateway  
  32  4:19  Probe (Chrono Boost)  
  33  4:27  Probe (Chrono Boost)  
  33  4:30  Probe (Chrono Boost)  
  35  4:35  Adept x3  
  42  4:39  Probe (Chrono Boost)  
  42  4:41  Pylon  
  38  4:55  Adept x2  
  43  5:00  Probe (Chrono Boost)  
  43  5:06  Probe (Chrono Boost)  
  43  5:13  Probe (Chrono Boost)  
  44  5:17  Probe (Chrono Boost)  
  45  5:23  Adept, Probe (Chrono Boost), Sentry  
  45  5:27  Probe (Chrono Boost)  
  51  5:30  Stalker  
  51  5:34  Probe (Chrono Boost)  
  54  5:42  Pylon  
  54  5:58  Probe x2 (Chrono Boost)  
  54  6:08  Probe x2 (Chrono Boost)  
  52  6:12  Stalker x2  
  52  6:13  Stalker x3  
  52  6:15  Blink  
  56  6:19  Probe (Chrono Boost)  
  56  6:21  Probe (Chrono Boost)  
  56  6:23  Assimilator  
  56  6:24  Assimilator  
  58  6:31  Probe x2 (Chrono Boost)  
  60  6:36  Sentry  
  62  6:44  Pylon  
  62  6:50  Nexus  
  62  6:59  Pylon x2  
  62  7:05  Probe (Chrono Boost)  
  62  7:06  Probe (Chrono Boost)  
  64  7:10  Robotics Facility  
  64  7:21  Probe (Chrono Boost)  
  64  7:22  Probe (Chrono Boost)  
  66  7:28  Adept x5  
  76  7:32  Pylon  
  76  7:35  Probe x2 (Chrono Boost)  
  78  7:40  Templar Archives  
  78  7:45  Sentry  
  78  7:48  Probe (Chrono Boost)  
  78  7:49  Probe (Chrono Boost)  
  82  7:53  Stalker x2  
  82  7:55  Warp Prism  
  86  8:04  Probe (Chrono Boost)  
  86  8:05  Probe (Chrono Boost)  
  91  8:06  Probe (Chrono Boost)  
  91  8:23  Forge  
  91  8:27  Adept  
  91  8:28  Adept x2, Stalker x2  
  91  8:31  Probe x2 (Chrono Boost)  
  91  8:32  Probe (Chrono Boost)  
  93  8:41  Protoss Ground Weapons Level 1  
  93  8:43  Probe x2 (Chrono Boost)  
  93  8:48  Probe (Chrono Boost)  
  98  8:57  Probe x2 (Chrono Boost)  
  98  8:58  Probe (Chrono Boost)  
  98  8:59  High Templar x2  
  103  9:03  Pylon, Archon  
  103  9:04  Observer  
  91  9:32  Stalker x4  
  91  9:33  Probe (Chrono Boost), Stalker x2  
  91  10:25  Stalker x2  
  91  10:26  Adept x4  
  89  10:32  Assimilator  
  89  10:33  Assimilator  
  87  10:44  Nexus  
  87  11:03  Probe (Chrono Boost)  
  86  11:05  Adept x3  
  92  11:17  Gateway  
  92  11:19  Gateway  
  92  11:23  Gateway  
  86  11:27  Pylon, Probe (Chrono Boost)  
  86  11:29  Probe (Chrono Boost)  
  86  11:31  Robotics Bay  
  86  11:35  Stalker x2  
  86  11:36  Stalker x4  
  86  11:38  Probe (Chrono Boost)  
  100  11:41  Probe (Chrono Boost)  
  100  11:48  Probe (Chrono Boost)  
  100  11:53  Probe (Chrono Boost)  
  102  12:05  Extended Thermal Lance  
  102  12:11  Colossus  
  102  12:12  Probe (Chrono Boost)  
  102  12:13  Probe x2 (Chrono Boost)  
  111  12:24  Robotics Facility  
  111  12:30  Adept x2  
  111  12:31  Adept x4  
  123  12:55  Stalker  
  125  13:01  Pylon  
  125  13:04  Pylon  
  125  13:12  Colossus  
  131  13:26  Adept x6  
  112  13:46  Pylon  
  112  13:47  Pylon  
  112  13:48  Pylon  
  112  13:56  Colossus  
  112  14:02  Pylon  
  112  14:04  Colossus  
  112  14:05  Nexus  
  124  14:10  Protoss Ground Weapons Level 2  
  124  14:20  Pylon  
  124  14:44  Colossus  
  120  14:46  High Templar x4  
  120  14:47  High Templar  
  120  14:50  Archon x2  
  136  15:05  High Templar  
  138  15:10  Archon  
  120  15:38  Stalker  
  120  15:39  Stalker x4  
  129  15:46  Probe (Chrono Boost)  
  129  15:47  Probe (Chrono Boost)  
  129  15:48  Probe (Chrono Boost)  
  132  15:53  Stalker  
  132  15:54  Observer  
  135  16:01  Probe (Chrono Boost)  
  135  16:02  Probe (Chrono Boost)  
  135  16:04  Stalker x3  
  143  16:16  Probe (Chrono Boost)  
  143  16:18  Probe x2 (Chrono Boost)  
  76  16:58  Colossus  
  76  16:59  Stalker x5  
  76  17:00  Stalker  
  90  17:19  Nexus  
  90  17:21  Pylon  
  90  17:25  Stalker  
  85  17:34  High Templar  
  85  17:35  High Templar  
  85  17:37  Stalker  
  85  17:38  Archon  
  88  17:44  Probe (Chrono Boost)  
Tags
 
Add a new tag
Caveats
  • Supply blocks, unpowered buildings, or Contaminate may cause inaccurate times.
  • Supply counts are checked every 10 seconds.